 Dungeon Crawl Stone Soup version 0.31-a0-978-g1e143483b6 (webtiles) character file.

Game seed: 723206731770233890

249 KarmaKiller the Trooper (level 5, -2/42 HPs)
             Began as a Demonspawn Berserker on Oct 30, 2023.
             Was a Follower of Trog.
             Frozen to death by an endoplasm (3 damage)
             ... on level 4 of the Dungeon.
             The game lasted 00:11:23 (2440 turns).

KarmaKiller the Trooper (Demonspawn Berserker)      Turns: 2440, Time: 00:11:23

Health: -2/42      AC:  5    Str: 19    XL:     5   Next: 87%
Magic:  5/5        EV: 11    Int:  9    God:    Trog [*.....]
Gold:   98         SH:  0    Dex: 14    Spells: 4/4 levels left

rFire   . . .        b - +0 flail
rCold   . . .        (no shield)
rNeg    . . .        h - +0 ring mail
rPois   .            (no helmet)
rElec   .            (no cloak)
rCorr   .            (no gloves)
SInv    .            (no boots)
Will    +....        i - amulet of regeneration
Stlth   ++           (no ring)
HPRegen 1.07/turn    (no ring)
MPRegen 0.09/turn

%: no passive effects
@: on berserk cooldown, slowed, very slow
A: thin skeletal structure 1, strong-willed 1
a: Renounce Religion, Berserk


You were on level 4 of the Dungeon.
You worshipped Trog.
Trog was aware of your devotion.
You visited 1 branch of the dungeon, and saw 4 of its levels.

You collected 98 gold pieces.

Inventory:

Hand Weapons
 b - a +0 flail (weapon)
 c - a +0 club
 d - the +4 short sword of Distraction {holy, *Noise rC++}
   (You found it on level 2 of the Dungeon)

   rC++:      It greatly protects you from cold.
   *Noise:    It may make a loud noise when swung.
 e - a +0 mace
 n - a +0 falchion
Armour
 a - a +1 animal skin
 h - a +0 ring mail (worn)
Jewellery
 i - an amulet of regeneration (around neck)
Potions
 f - a potion of brilliance


   Skills:
 + Level 3.8 Fighting
 + Level 2.6 Maces & Flails
 + Level 2.8 Armour
 + Level 2.6 Dodging
 + Level 2.0 Stealth
 + Level 3.0 Unarmed Combat


You had 4 spell levels left.
You didn't know any spells.
Your spell library was empty.

Dungeon Overview and Level Annotations

Branches:
Dungeon (4/15)
 Temple: D:4-7

Altars:

Shops:
D:4 :

Annotations:
D:4 Grinder


Innate Abilities, Weirdness & Mutations

You have a somewhat thin skeletal structure. (Dex +2, Stealth+)
You are strong-willed. (Will+)


Message History

The orc is moderately wounded.
The endoplasm hits you but does no damage.
The orc hits you with a +0 hand axe. The adder barely misses you.
The orc priest barely misses you. The endoplasm hits you. The adder bites you.
The orc hits you with a +0 hand axe.
You closely miss the orc.
The orc is moderately wounded.
The adder closely misses you. The orc priest barely misses you.
The endoplasm hits you but does no damage.
The orc completely misses you. The adder bites you.
Grinder says, "Don't move a muscle."
The orc priest mumbles some strange prayers to Beogh against you.
You resist with some effort. The endoplasm hits you. The orc barely misses you.
You hit Grinder.
Grinder is moderately wounded.
The adder bites you.
The orc priest hits you with a +0 dagger.
Grinder barely misses you. The endoplasm freezes you.
You are frozen.
The adder bites you but does no damage. The orc barely misses you.
Grinder gestures at you. You resist with almost no effort.
The orc priest hits you with a +0 dagger.
The endoplasm freezes you.
You are frozen.
* * * LOW HITPOINT WARNING * * *
The adder barely misses you. The orc hits you with a +0 hand axe.
* * * LOW HITPOINT WARNING * * *
You hit Grinder.
Grinder is moderately wounded.
The adder barely misses you.
The orc priest miscasts a cantrip.
Grinder hits you!
* * * LOW HITPOINT WARNING * * *
You writhe in agony.
* * * LOW HITPOINT WARNING * * *
The endoplasm freezes you.
You are frozen.
You die...

.8.........#.#
............#
..........>#.#
#......∩.....#
#.....?......
#..........# #
#..oSo.....#..
#..@J.......#
##...5....##
#..........#
#..†.......#
#..........#
#..........#
##..........#
#.......<...##
#.###......##


You could see Grinder, an orc priest, an adder, an orc and an endoplasm.

Vanquished Creatures
  A howler monkey (D:4)
  An orc priest (D:3)
  A sleepcap (D:4)
  Natasha (thrice) (D:3)
  3 adders
  2 worms (D:2)
  2 dart slugs
  3 orcs
  6 ball pythons
  4 bats
  6 endoplasms
  5 goblins
  2 hobgoblins
  4 quokkas
  A frilled lizard (D:3)
  A kobold (D:2)
  A rat (D:2)
46 creatures vanquished.

Notes
Turn   | Place    | Note
-------+----------+-------------------------------------------
     0 | D:1      | KarmaKiller the Demonspawn Berserker began the quest for
                  | the Orb.
     0 | D:1      | Reached XP level 1. HP: 18/18 MP: 1/1
   223 | D:1      | Found a faded altar of an unknown god.
   367 | D:1      | Gained mutation: You have a somewhat thin skeletal
                  | structure. (Dex +2, Stealth+) [demonic ancestry]
   367 | D:1      | Reached XP level 2. HP: 24/24 MP: 2/2
   589 | D:2      | Identified the +4 short sword of Distraction {holy, *Noise
                  | rC++}
  1244 | D:2      | Reached skill level 1 in Maces & Flails
  1265 | D:2      | Reached XP level 3. HP: 29/29 MP: 3/3
  1528 | D:3      | Reached skill level 1 in Stealth
  1528 | D:3      | Reached XP level 4. HP: 10/35 MP: 4/4
  1829 | D:3      | Noticed Natasha
  1837 | D:3      | Killed Natasha
  1909 | D:3      | Noticed Natasha
  1923 | D:3      | Killed Natasha
  1925 | D:3      | Reached XP level 5. HP: 41/41 MP: 5/5
  2104 | D:3      | Noticed Natasha
  2112 | D:3      | Killed Natasha
  2396 | D:3      | Gained mutation: You are strong-willed. (Will+) [potion of
                  | mutation]
  2417 | D:4      | Found Ogruysi's Book Boutique.
  2432 | D:4      | Noticed Grinder
  2440 | D:4      | HP: 1/42 [Grinder (2)]
  2440 | D:4      | Frozen to death by an endoplasm

Illustrated notes

Levels and vault maps discovered:
D:1:      minmay_arrival_hallway, layout_rooms, basic_ecumenical_altar
D:2:      layout_basic
D:3:      layout_loops_cross, uniq_natasha
D:4:      layout_rooms, serial_shops, shop, shop, shop_statue,
          nicolae_stop_n_shop_2, ebering_ghost_gozag, kennysheep_diamond,
          uniq_menkaure, uniq_grinder

Skill      XL: |  1  2  3  4  5 |
---------------+----------------+-----
Unarmed Combat | 3 |  3.0
Dodging        | 2 |  2.6
Maces & Flails | 1 2 |  2.6
Armour         | 2 |  2.8
Stealth        | 1 2 |  2.0
Fighting       | |  3.8

Action                     |  1- 3 |  4- 6 || total
---------------------------+-------+-------++-------
  Melee: Club              |     9 |       ||     9
         Mace              |    83 |     8 ||    91
         Unarmed           |     2 |       ||     2
         Punch             |     2 |     2 ||     4
         Flail             |       |    56 ||    56
 Invoke: Berserk           |     4 |     4 ||     8
    Use: Scroll            |     5 |     4 ||     9
         Potion            |       |     3 ||     3
   Stab: Sleeping          |     7 |     2 ||     9
 Armour: Animal skin       |    31 |       ||    31
         Ring mail         |    36 |    71 ||   107
  Dodge: Dodged            |    51 |    55 ||   106

Table legend: (Time is in decaauts)
 A = Elapsed time spent in this place.
 B = Non-inter-level travel time spent in this place.
 C = Inter-level travel time spent in this place.
 D = Time resting spent in this place.
 E = Time spent auto-exploring this place.
 F = Levels seen in this place.
 G = Mean time per level.
                   A        B        C        D        E       F      G
               +--------+--------+--------+--------+--------+-----+--------+
         Total |   2562 |   2554 |      8 |    483 |      0 |   4 |  640.5 |
       Dungeon |   2562 |   2554 |      8 |    483 |      0 |   4 |  640.5 |
               +--------+--------+--------+--------+--------+-----+--------+

Top non-repeatable levels by time:
     D:2: 1027 daAuts
     D:3: 997 daAuts
     D:1: 491 daAuts
     D:4: 46 daAuts
